 Dungeon Crawl Stone Soup version 0.31-a0-647-g38d6a14cb1 (webtiles) character file.

Game seed: 186148804575907383

40607 Gargoyl the Cleaver (level 14, -8/88 HPs)
             Began as a Gargoyle Berserker on Aug 27, 2023.
             Was an Elder of Trog.
             Mangled by a spriggan rider
             ... wielding a +1 antimagic trident
              (16 damage)
             ... on level 3 of the Lair of Beasts on Aug 29, 2023.
             The game lasted 00:22:15 (11910 turns).

Gargoyl the Cleaver (Gargoyle Berserker)           Turns: 11910, Time: 00:22:16

Health: -8/88      AC: 20    Str: 30    XL:     14   Next: 11%
Magic:  0/14       EV: 15    Int:  8    God:    Trog [****..]
Gold:   796        SH: 16    Dex: 11    Spells: 13/13 levels left

rFire   + + +        n - +3 war axe (flame)
rCold   + . .        k - +0 tower shield
rNeg    + + .        G - +0 chain mail
rPois   ∞            a - -2 hat of the Alchemist {rElec rPois rF+ rC+ rN+ Will+ rMut rCorr}
rElec   +            z - +0 cloak
rCorr   +            (no gloves)
SInv    .            (no boots)
Will    +++++        l - amulet of guardian spirit Stlth
                     c - +6 ring of strength
HPRegen 1.34/turn    i - +5 ring of evasion
MPRegen 0.14/turn

%: resist mutation, guardian spirit
@: strong-willed, on berserk cooldown, enlightened, flying, regenerating,
slowed, very slow
A: sickness immunity, AC +10, big wings, negative energy resistance 1,
electricity resistance, torment resistance 1, petrification resistance, beak,
fire resistance 2, noise suppression
a: Renounce Religion, Berserk, Trog's Hand, Brothers in Arms


You were on level 3 of the Lair of Beasts.
You worshipped Trog.
Trog was greatly pleased with you.
You visited 2 branches of the dungeon, and saw 12 of its levels.

You collected 796 gold pieces.

Inventory:

Hand Weapons
 n - a +3 war axe of flaming (weapon)
 u - a +2 war axe of electrocution
 C - a +2 hand axe of freezing
Missiles
 d - a throwing net
 e - 22 poisoned darts (quivered)
Armour
 a - the -2 hat of the Alchemist (worn) {rElec rPois rF+ rC+ rN+ Will+ rMut rCorr}
   (You acquired it on level 8 of the Dungeon)

   rF+:       It protects you from fire.
   rC+:       It protects you from cold.
   rElec:     It insulates you from electricity.
   rPois:     It protects you from poison rN+: It protects you from negative
   energy.
   Will+:     It increases your willpower.
   rCorr:     It protects you from acid and corrosion.
   rMut:      It protects you from mutation.
 f - a +0 helmet
 k - a +0 tower shield (worn)
 z - a +0 cloak (worn)
 G - a +0 chain mail (worn)
Jewellery
 c - a +6 ring of strength (left hand)
 i - a +5 ring of evasion (right hand)
 l - an amulet of guardian spirit (around neck)
 q - the ring of Yvulegiff {Ice +Blink rElec Slay+3 Stlth-}
   (You found it on level 9 of the Dungeon)

   [ring of ice]

   Ice:       It enhances your ice magic.
   Slay+3:    It affects your accuracy & damage with ranged weapons and melee
   (+3).
   rF-:       It makes you vulnerable to fire.
   rC+:       It protects you from cold.
   rElec:     It insulates you from electricity.
   +Blink:    It lets you blink.
   Stlth-:    It makes you less stealthy.
 y - a ring of protection from cold
 I - a ring of see invisible
Wands
 j - a wand of mindburst (23)
 r - a wand of flame (20)
 s - a wand of acid (18)
 t - a wand of polymorph (6)
 v - a wand of paralysis (7)
Scrolls
 b - 2 scrolls of enchant armour {unknown}
 m - a scroll of blinking {unknown}
 p - a scroll of fear
 D - 7 scrolls of identify
 E - a scroll of noise {unknown}
 L - 4 scrolls of vulnerability
 N - a scroll of teleportation
Potions
 g - 2 potions of lignification
 h - a potion of attraction
 o - 3 potions of mutation
 w - 2 potions of invisibility
 x - 3 potions of curing
 A - 3 potions of haste
 B - a potion of enlightenment
 F - 3 potions of ambrosia
 H - a potion of brilliance {unknown}
 J - 3 potions of might
 K - a potion of magic {unknown}
 M - a potion of heal wounds


   Skills:
 + Level 10.8 Fighting
 + Level 14.9 Axes
 + Level 0.5 Throwing
 + Level 7.3 Armour
 + Level 6.7 Dodging
 + Level 5.8 Stealth
 + Level 11.9 Shields


You had 13 spell levels left.
You didn't know any spells.
Your spell library was empty.

Dungeon Overview and Level Annotations

Branches:
Dungeon (9/15)             Temple (0/1) D:7            Lair (3/5) D:8
 Shoals (0/4) Lair:2        Snake (0/4) Lair:3
    Orc: D:9-12

Altars:
Gozag
Hepliaklqana
Okawaru
Ru
Sif Muna
Trog
Uskayaw
Wu Jian
Yredelemnul
Zin

Shops:
D:6 :

Annotations:
D:8 3 runed translucent doors, Vruhak's ghost, novice VSFi
Lair:3 1 transporter


Innate Abilities, Weirdness & Mutations

You are immune to sickness and miasma.
Your stone body is resilient. (AC +10)
You are immune to poison.
Your large and strong wings let you fly.
You resist negative energy. (rN+)
You are resistant to electric shocks. (rElec)
You are resistant to unholy torment.
You are immune to petrification.
You have a beak for a mouth.
Your flesh is very heat resistant. (rF++)
You passively dampen the noise of your surroundings.


Message History

You block Vruhak's ghost's attack. You block the spriggan rider's attack.
The spriggan rider misses you.
You miss the spriggan rider. Your peck misses the spriggan rider.
The spriggan rider is moderately wounded.
You hit Vruhak's ghost but do no damage.
You are no longer berserk.
You are exhausted.
You feel yourself slow down.
Unknown command.
Unknown command.
Your skin crawls.
You feel strong-willed.
Your ogre misses Vruhak's ghost. Vruhak's ghost hits you.
You block the spriggan rider's attack. x2; Vruhak's ghost barely misses you.
You block the spriggan rider's attack. x2; Your ogre misses Vruhak's ghost.
Unknown command.
You miss the spriggan rider. You peck the spriggan rider.
The spriggan rider is heavily wounded.
You closely miss Vruhak's ghost.
Your ogre closely misses Vruhak's ghost.
You block Vruhak's ghost's attack.
The spriggan rider hits you from afar with a +0 antimagic spear!!
The spriggan rider hits you but does no damage.
You miss the spriggan rider. Your peck misses the spriggan rider.
The spriggan rider is heavily wounded.
You miss Vruhak's ghost. Your ogre misses Vruhak's ghost.
Vruhak's ghost hits you.
The spriggan rider hits you but does no damage.
The spriggan rider hits you with a +1 antimagic trident!
* * * LOW HITPOINT WARNING * * *
Vruhak's ghost barely misses you.
The spriggan rider hits you from afar with a +0 antimagic spear!
* * * LOW HITPOINT WARNING * * *
It was a potion of enlightenment.
You feel more buoyant.
Your ogre hits Vruhak's ghost with a +0 giant club!!
Vruhak's ghost is destroyed!
Trog accepts your kill.
The spriggan rider hits you with a +1 antimagic trident!
You die...

#.......#........©..............<
#..###..#......#####.............
##.....##....###.©.###...........
.#.....#....##.....# ##..........
.##...##....##.#..#####..........
..##.##....##.##..#≈#.##.........
..##.......#..#§?!(##..#.....P...
...........#..##.ii....#.....#...
...........#...)@O.#.y.#.........
...........##..).#≈#..##........#
............#.....##..#.......###
............##?....####........#
.............###.©.###..)....###
...............#####..........###
.................©.............#.
..........................#......
...................>.......#.....


You could see 2 spriggan riders and a friendly ogre (summoned, berserk).

Vanquished Creatures
  Erolcha (D:9)
  3 hydras
  Erica (D:9)
  A boulder beetle (Lair:2)
  A two-headed ogre (D:9)
  The ghost of hackon the Firebug, a novice OgFE (D:6)
  A skyshark (Lair:3)
  Pikel (D:6)
  2 oklob plants
  9 elephants
  A cyclops (D:9)
  A moth of wrath (Lair:3)
  3 black mambas
  3 cane toads (Lair:3)
  2 rime drakes
  8 komodo dragons
  3 unseen horror zombies (D:8)
  2 trolls (D:9)
  7 polar bears
  A queen bee (Lair:1)
  A hornet (D:7)
  5 large abominations (D:9)
  6 blink frogs (Lair:2)
  5 spriggans (Lair:3)
  A shadow (D:9)
  4 wyverns
  51 yaks
  6 basilisks
  2 steam dragons
  Eustachio (D:4)
  3 nagas (Lair:3)
  8 water moccasins
  2 ice beasts
  5 small abominations (D:9)
  3 black bears
  A hornet zombie (D:8)
  A sky beast (D:7)
  5 ogres
  A centaur (D:7)
  8 wolves (Lair:3)
  2 phantoms
  3 lemures (D:6)
  2 kobold brigands
  A gnoll sergeant (D:9)
  2 wyvern zombies (D:8)
  14 bullfrogs
  2 scorpions (D:7)
  5 wights (D:8)
  31 killer bees
  2 howler monkeys
  4 electric eels (Lair:2)
  2 centaur zombies (D:8)
  A human zombie (D:8)
  2 jellies (D:6)
  2 gnoll boudas
  3 hounds
  4 iguanas
  Ijyb (D:4)
  2 orc wizards (D:6)
  2 mummies (D:8)
  14 gnolls
  9 adders
  A shadow imp (D:5)
  2 ufetubi
  A worm (D:2)
  2 dart slugs (D:1)
  15 orcs
  11 endoplasms
  2 giant cockroaches
  5 goblins
  6 hobgoblins
  3 jackals (D:3)
  A quokka (D:4)
  11 ball pythons
  7 bats
  4 frilled lizards
  9 kobolds
  4 rats
  A spectral orc (D:5)
366 creatures vanquished.

Vanquished Creatures (collateral kills)
  The ghost of Vruhak the Unseen, a journeyman KoHu of Okawaru (Lair:3)
  A lindwurm (Lair:3)
  3 elephants (Lair:1)
  2 blink frogs (Lair:2)
  4 yaks (Lair:1)
  2 small abominations (D:9)
  A naga (Lair:3)
  2 lava snakes (Lair:2)
16 creatures vanquished.

Vanquished Creatures (others)
  A wizard (D:9)
1 creature vanquished.

Grand Total: 383 creatures vanquished

Notes
Turn   | Place    | Note
-------+----------+-------------------------------------------
     0 | D:1      | Gargoyl the Gargoyle Berserker began the quest for the Orb.
     0 | D:1      | Reached XP level 1. HP: 14/14 MP: 1/1
    81 | D:1      | Reached XP level 2. HP: 13/19 MP: 2/2
   124 | D:1      | Reached skill level 3 in Axes
   256 | D:1      | Reached XP level 3. HP: 24/24 MP: 3/3
   714 | D:2      | Reached ** piety under Trog
   757 | D:2      | Identified the +1 robe of Brilliance {*Slow rC+++ rCorr
                  | SInv}
   950 | D:2      | Reached XP level 4. HP: 28/29 MP: 4/4
  1221 | D:3      | Found an ornate altar of the Wu Jian Council.
  1221 | D:3      | Found a hide-covered altar of Uskayaw.
  1353 | D:3      | Found a faded altar of an unknown god.
  1930 | D:4      | Reached XP level 5. HP: 32/34 MP: 3/5
  1980 | D:4      | Found a sacrificial altar of Ru.
  2010 | D:4      | Found an iron altar of Okawaru.
  2201 | D:4      | Noticed Eustachio
  2215 | D:4      | Killed Eustachio
  2216 | D:4      | Reached skill level 4 in Axes
  2216 | D:4      | Reached skill level 1 in Shields
  2216 | D:4      | Reached XP level 6. HP: 39/39 MP: 6/6
  2379 | D:4      | Reached *** piety under Trog
  2638 | D:4      | Noticed Ijyb
  2645 | D:4      | Killed Ijyb
  2753 | D:5      | Entered Level 5 of the Dungeon
  2827 | D:5      | Reached skill level 5 in Axes
  2829 | D:5      | Reached XP level 7. HP: 38/44 MP: 5/7
  3145 | D:5      | Found a hazy altar of Hepliaklqana.
  3183 | D:5      | Reached skill level 1 in Stealth
  3200 | D:5      | Reached skill level 5 in Fighting
  3341 | D:5      | Gained mutation: Your flesh is heat resistant. (rF+)
                  | [potion of mutation]
  3341 | D:5      | Gained mutation: Your flesh is very heat resistant. (rF++)
                  | [potion of mutation]
  3341 | D:5      | Gained mutation: You have a beak for a mouth. [potion of
                  | mutation]
  3341 | D:5      | Gained mutation: You passively dampen the noise of your
                  | surroundings. [potion of mutation]
  3676 | D:6      | Found a runed translucent gate.
  3676 | D:6      | Found a runed translucent gate.
  3676 | D:6      | Found a runed translucent gate.
  3682 | D:6      | Reached skill level 6 in Axes
  3684 | D:6      | Reached XP level 8. HP: 49/49 MP: 4/8
  3691 | D:6      | Found Dufoj's Book Emporium.
  3741 | D:6      | Noticed hackon's ghost (novice OgFE)
  3749 | D:6      | Identified the +0 robe of Going Fast {Stlth+}
  3757 | D:6      | Killed hackon's ghost
  3758 | D:6      | Reached skill level 7 in Axes
  3889 | D:6      | Noticed Pikel
  3930 | D:6      | Killed Pikel
  3931 | D:6      | Reached skill level 8 in Axes
  3931 | D:6      | Reached XP level 9. HP: 55/55 MP: 9/9
  4006 | D:6      | Found a glowing silver altar of Zin.
  4007 | D:6      | Found an opulent altar of Gozag.
  4148 | D:6      | Reached skill level 5 in Shields
  4359 | D:7      | Noticed a hornet
  4360 | D:7      | Found a staircase to the Ecumenical Temple.
  4364 | D:7      | Killed a hornet
  4450 | D:7      | Reached skill level 9 in Axes
  4454 | D:7      | Reached XP level 10. HP: 37/61 MP: 5/10
  4719 | D:7      | Reached skill level 5 in Dodging
  4862 | D:7      | Reached skill level 10 in Axes
  5074 | D:8      | Found a runed translucent gate.
  5074 | D:8      | Found a runed translucent gate.
  5074 | D:8      | Found a runed translucent gate.
  5076 | D:8      | Noticed Vruhak's ghost (novice VSFi)
  5076 | D:8      | Noticed a nine-headed hydra
  5314 | D:8      | Reached skill level 5 in Stealth
  5320 | D:8      | Reached **** piety under Trog
  5366 | D:8      | Found a basalt altar of Yredelemnul.
  5398 | D:8      | Reached XP level 11. HP: 59/67 MP: 9/11
  5572 | D:8      | Found a staircase to the Lair.
  5585 | D:8      | Reached skill level 11 in Axes
  5598 | D:8      | Identified a scroll of acquirement
  5598 | D:8      | Acquired the -2 hat of the Alchemist {rElec rPois rF+ rC+
                  | rN+ Will+ rMut rCorr}
  5598 | D:8      | Found the -2 hat of the Alchemist {rElec rPois rF+ rC+ rN+
                  | Will+ rMut rCorr}
  6019 | D:9      | Noticed Erica
  6029 | D:9      | Killed Erica
  6267 | D:9      | Found a shimmering blue altar of Sif Muna.
  6396 | D:9      | Noticed a wizard
  6401 | D:9      | Killed a wizard
  6409 | D:9      | Noticed a large abomination
  6409 | D:9      | Noticed a large abomination
  6514 | D:9      | Noticed Erolcha
  6551 | D:9      | Killed Erolcha
  6747 | D:9      | Noticed a cyclops
  6755 | D:9      | Killed a cyclops
  6756 | D:9      | Reached skill level 12 in Axes
  6885 | D:9      | Noticed a two-headed ogre
  6893 | D:9      | Killed a two-headed ogre
  6987 | D:9      | Reached XP level 12. HP: 69/75 MP: 12/12
  7838 | D:9      | Found the +5 demon whip "Spellbinder" {antimagic, disrupt,
                  | Will+}
  7858 | D:9      | Identified the ring of Yvulegiff {Ice +Blink rElec Slay+3
                  | Stlth-}
  8058 | Lair:1   | Entered Level 1 of the Lair of Beasts
  8259 | Lair:1   | Reached skill level 13 in Axes
  8333 | Lair:1   | Reached skill level 5 in Armour
  8725 | Lair:1   | Reached XP level 13. HP: 81/81 MP: 13/13
  9212 | Lair:2   | Reached skill level 10 in Shields
  9566 | Lair:2   | Reached skill level 10 in Fighting
  9605 | Lair:2   | Found a staircase to the Shoals.
  9608 | Lair:2   | Reached skill level 14 in Axes
  9891 | Lair:2   | Reached ***** piety under Trog
 10673 | Lair:3   | Found a transporter.
 10673 | Lair:3   | Found a transporter.
 10701 | Lair:3   | Upgraded the game from 0.31-a0-638-g26219f789d to
                  | 0.31-a0-647-g38d6a14cb1
 10912 | Lair:3   | Found a staircase to the Snake Pit.
 11332 | Lair:3   | Gained mutation: Your large and strong wings let you fly.
                  | [Gargoyle growth]
 11332 | Lair:3   | Reached XP level 14. HP: 85/88 MP: 14/14
 11618 | Lair:3   | Noticed Vruhak's ghost (journeyman KoHu)
 11677 | Lair:3   | Found a bloodstained altar of Trog.
 11910 | Lair:3   | Killed Vruhak's ghost
 11910 | Lair:3   | Mangled by a spriggan rider

Illustrated notes

Levels and vault maps discovered:
D:1:      minmay_arrival_solitary_statue, layout_loops_ring
D:2:      layout_basic
D:3:      layout_loops_cross, gammafunk_temple_overflow_pools,
          hellmonk_ecumenical_altar_run_dry, nicolae_houndstooth_variations
D:4:      layout_loops_corners, okawaru_metal_pillars_1_2,
          nicolae_overflow_hidden_temple, uniq_eustachio, uniq_ijyb
D:5:      layout_loops_ring, nicolae_hepliaklqana_monster_ancestors,
          corexii_item_surrounded_by_moat
D:6:      layout_rooms, grunt_temple_overflow_gold_and_silver,
          ebering_ghost_rock_garden, serial_shops,
          nicolae_shop_temple_entry_statues_fountains, uniq_pikel
D:7:      layout_cave_pools, minmay_temple_entry_waves
D:8:      layout_rooms, lemuel_mausoleum_altar_yredelemnul, erik_lair_dragon,
          gammafunk_ghost_hydra_chop
D:9:      layout_basic, led_sif_pool, laboratory, uniq_erolcha, uniq_erica
Lair:1:   layout_cave_pods, special_room [special_room_bee], st_stairs_5,
          minivault_24, chequers_serial_rivers_micro_c, grunt_megastairs_4,
          infiniplex_staircase_pool
Lair:2:   nzn_winding_woodlands_small [nzn_winding_woodlands_5x15_twine,
          nzn_winding_woodlands_center_pierced_h,
          nzn_winding_woodlands_5x15_sidewinder], layout_long_grid,
          elwin_shoals_entry_rocks, nicolae_lair_liquid_snakes
Lair:3:   layout_hall_layers, minmay_snake_entry_guardpost_medium,
          gammafunk_ghost_wrathful_warriors, serial_bayou_shore_b

Skill      XL: |  1  2  3  4  5  6  7  8  9 10 11 12 13 |
---------------+----------------------------------------+-----
Axes           | 3 4 5 6 8 9 10 12 13 14 | 14.9
Fighting       | 4 5 6 7 8 9 10 | 10.8
Dodging        | 2 3 4 5 6 |  6.7
Shields        | 1 3 4 5 6 8 9 11 | 11.9
Stealth        | 1 2 4 5 |  5.8
Armour         | 3 5 7 |  7.3
Throwing       | |  0.5

Action                     |  1- 3 |  4- 6 |  7- 9 | 10-12 | 13-15 || total
---------------------------+-------+-------+-------+-------+-------++-------
  Melee: Hand axe          |    77 |    18 |       |       |       ||    95
         War axe           |       |    57 |   143 |   408 |   326 ||   934
         Peck              |       |       |    18 |    96 |    79 ||   193
  Throw: Dart              |       |     1 |     2 |       |       ||     3
 Invoke: Berserk           |     1 |     2 |     5 |    11 |     7 ||    26
         Trog's Hand       |       |       |     3 |     4 |     4 ||    11
         Brothers in Arms  |       |       |       |     2 |     4 ||     6
    Use: Scroll            |     1 |     7 |       |    10 |     3 ||    21
         Potion            |       |       |     5 |     2 |     1 ||     8
   Stab: Sleeping          |       |     1 |     5 |     9 |       ||    15
         Distracted        |       |       |       |     1 |       ||     1
 Armour: Animal skin       |    39 |    20 |    20 |    30 |       ||   109
         Chain mail        |       |       |       |    91 |   106 ||   197
  Dodge: Dodged            |    45 |    61 |   109 |   289 |   157 ||   661
  Block: Kite shield       |     7 |       |       |       |       ||     7
         Tower shield      |       |    54 |    99 |   363 |   313 ||   829

Table legend: (Time is in decaauts)
 A = Elapsed time spent in this place.
 B = Non-inter-level travel time spent in this place.
 C = Inter-level travel time spent in this place.
 D = Time resting spent in this place.
 E = Time spent auto-exploring this place.
 F = Levels seen in this place.
 G = Mean time per level.
                   A        B        C        D        E       F      G
               +--------+--------+--------+--------+--------+-----+--------+
         Total |  12230 |  11731 |    499 |    739 |   8141 |  12 | 1019.2 |
       Dungeon |   8341 |   7906 |    435 |    428 |   5427 |   9 |  926.8 |
          Lair |   3889 |   3825 |     64 |    311 |   2714 |   3 | 1296.3 |
               +--------+--------+--------+--------+--------+-----+--------+

Top non-repeatable levels by time:
     D:9: 1919 daAuts
  Lair:2: 1467 daAuts
  Lair:3: 1275 daAuts
     D:8: 1274 daAuts
  Lair:1: 1145 daAuts
     D:5: 954 daAuts
     D:4: 903 daAuts
     D:3: 844 daAuts
     D:6: 719 daAuts
     D:7: 652 daAuts
     D:1: 621 daAuts
     D:2: 450 daAuts
